 Dungeon Crawl Stone Soup version 0.29-a0-887-gcbe080d7e0 (webtiles) character file.

Game seed: 2017080829770628626

39 Iflex the Ducker (level 3, -3/28 HPs)
             Began as a Merfolk Gladiator on July 21, 2022.
             Killed by nerve-wracking pain
             ... invoked by Jessica
              (9 damage)
             ... on level 2 of the Dungeon.
             The game lasted 00:09:25 (1037 turns).

Iflex the Ducker (Merfolk Gladiator)                Turns: 1037, Time: 00:09:26

Health: -3/28      AC:  5    Str: 14    XL:     3   Next: 45%
Magic:  3/3        EV: 14    Int:  7    God:
Gold:   59         SH:  0    Dex: 17    Spells: 1/2 levels left

rFire   . . .      SeeInvis .   a - +0 trident
rCold   . . .      Faith    .   (no shield)
rNeg    . . .      Spirit   .   b - +0 leather armour
rPois   .          Reflect  .   i - +2 hat
rElec   .          Harm     .   (no cloak)
rCorr   .          Rampage  .   (no gloves)
Will    .....                   (no boots)
Stlth   +.........              (no amulet)
HPRegen 0.09/turn               (no ring)
MPRegen 0.08/turn               (no ring)

@: no status effects
A: (nimble swimmer 2), mertail
a: no special abilities


You were on level 2 of the Dungeon.
You visited 1 branch of the dungeon, and saw 2 of its levels.

You collected 59 gold pieces.

Inventory:

Hand Weapons
 a - a +0 trident (weapon)
Missiles
 d - 3 throwing nets (quivered)
 e - a javelin
 g - 2 stones
Armour
 b - a +0 leather armour (worn)
 c - a +0 helmet
 i - a +2 hat (worn)
Scrolls
 h - 2 scrolls of magic mapping {unknown}
 k - a scroll of teleportation {unknown}
Potions
 f - a potion of might {unknown}
 j - a potion of flight {unknown}
 l - a potion of haste {unknown}


   Skills:
 * Level 2.8 Fighting
 + Level 4.6 Polearms
 + Level 2.0 Throwing
 + Level 0.1 Armour
 * Level 4.6 Dodging
 * Level 0.7 Transmutations


You had one spell level left.
You knew the following spells:

 Your Spells              Type           Power      Damage    Failure   Level
a - Sting                 Tmut/Pois      0%         1d3       45%         1

Your spell library contained the following spells:

 Spells                   Type           Power      Damage    Failure   Level
 Poisonous Vapours        Pois/Air       0%         N/A       65%         2
 Olgreb's Toxic Radiance  Pois           0%         N/A       99%         4
 Conjure Ball Lightning   Conj/Air       0%         3x3d6     100%        6
 Discord                  Hex            0%         N/A       100%        8
 Disjunction              Tloc           0%         N/A       100%        8


Dungeon Overview and Level Annotations

Branches:
Dungeon (2/15)

Altars:

Annotations:
D:2 Jessica


Innate Abilities, Weirdness & Mutations

((You are very nimble when in or above water. (Stealth+, EV+, Speed+++)))
Your lower body shifts to a powerful aquatic tail in water.


Message History

You hit the hobgoblin.
You kill the hobgoblin!
The ball python misses you. The ball python constricts you.
You escape the ball python's grasp.
The ball python attacks as you move away!
The ball python closely misses you.
Found a club.
Things that are here:
5 gold pieces; a hobgoblin corpse You barely miss the ball python.
The ball python completely misses you. x2
You barely miss the ball python. The ball python closely misses you.
The ball python grabs you. The ball python constricts you.
You hit the ball python.
You kill the ball python!
You barely miss the rat. The rat bites you but does no damage.
You hit the rat.
You kill the rat!
An orc comes into view. It is wielding a +0 whip.
An orc wizard comes into view. It is wielding a +0 dagger.
You now have 59 gold pieces (gained 5).
You see here a hobgoblin corpse.
A hobgoblin comes into view.
Jessica casts a spell.
Jessica seems to speed up.
You reach to attack!
You completely miss the hobgoblin. You hit the hobgoblin.
You punch the hobgoblin.
You kill the hobgoblin!
Found 15 gold pieces.
Jessica mumbles something strange.
You see here a hobgoblin corpse.
Jessica casts a spell at you. Pain shoots through your body!
Jessica mumbles some strange words.
Jessica blinks!
Jessica casts a spell at you. Pain shoots through your body!
* * * LOW HITPOINT WARNING * * *
A quokka comes into view.
Jessica points at you and mumbles some strange words.
Pain shoots through your body!
You die...

####### #......
#...... #......
####......
##########...).....
#.@....@.†.##......
#..###############.#
..... #.† #......
### #...... #####
....... #....
######r .@..### #.
.# #? ...


You could see Jessica (fast) and a quokka (asleep).

Vanquished Creatures
  2 dart slugs (D:1)
  4 ball pythons
  An endoplasm (D:1)
  5 goblins (D:1)
  5 hobgoblins
  2 jackals (D:2)
  2 kobolds (D:1)
  2 quokkas (D:1)
  4 bats
  2 frilled lizards (D:1)
  3 rats
32 creatures vanquished.

Notes
Turn   | Place    | Note
-------+----------+-------------------------------------------
     0 | D:1      | Iflex the Merfolk Gladiator began the quest for the Orb.
     0 | D:1      | Reached XP level 1. HP: 16/16 MP: 1/1
    97 | D:1      | Reached XP level 2. HP: 11/22 MP: 2/2
   302 | D:1      | Learned a level 1 spell: Sting
   675 | D:1      | Reached XP level 3. HP: 26/28 MP: 3/3
   994 | D:2      | Noticed Jessica
  1037 | D:2      | Killed from afar by Jessica

Illustrated notes

Levels and vault maps discovered:
D:1:      eino_arrival_cavern_a, layout_basic
D:2:      layout_rooms, chequers_ecumenical_altar_simple_redux, uniq_jessica

Action                   || total
-------------------------++-------
Melee: Trident           ||   115
       Punch             ||     2
 Cast: Sting             ||     1
  Use: Scroll            ||     1
 Stab: Sleeping          ||     1
Armor: Leather armour    ||    40
Dodge: Dodged            ||   103

Table legend: (Time is in decaauts)
 A = Elapsed time spent in this place.
 B = Non-inter-level travel time spent in this place.
 C = Inter-level travel time spent in this place.
 D = Time resting spent in this place.
 E = Time spent auto-exploring this place.
 F = Levels seen in this place.
 G = Mean time per level.
                   A        B        C        D        E       F      G
               +--------+--------+--------+--------+--------+-----+--------+
         Total |   1046 |   1028 |     18 |    155 |    531 |   2 |  523.0 |
       Dungeon |   1046 |   1028 |     18 |    155 |    531 |   2 |  523.0 |
               +--------+--------+--------+--------+--------+-----+--------+

Top non-repeatable levels by time:
     D:1: 963 daAuts
     D:2: 82 daAuts
